Map: Torches LE

Players

SaeKon

  • Race: Zerg Zerg
  • League: Diamond
  • Spawn Location: 5:00

SubN - Winner!

  • Race: Zerg Zerg
  • League: Diamond
  • Spawn Location: 1:00

VOD

Have the link to the VOD?

Description

Time

  • Played on: July 21, 2025, 7:11 p.m.
  • Length: 3:26
Show
View Real Time Build Order
Export as new Build Order

SaeKon Zerg 

Build Orders: Hatch First 

Get SALT Encoding   

  12  0:00  Drone  
  13  0:12  Overlord  
  13  0:22  Drone  
  14  0:30  Drone x2  
  16  0:36  Drone  
  17  0:52  Hatchery  
  17  0:56  Extractor  
  15  1:07  Spawning Pool  
  15  1:10  Drone  
  15  1:14  Drone  
  15  1:17  Drone  
  17  1:36  Drone  
  18  1:40  Drone  
  19  1:55  Zergling x2  
  19  1:56  Zergling x2  
  21  2:03  Queen  
  21  2:05  Queen  
  25  2:11  Zergling x2  
  25  2:15  Drone x2  
  28  2:19  Overlord  
  28  2:36  Overlord  
  28  2:48  Zergling x6  
  28  2:49  Zergling x4  
  32  2:59  Zergling x2  
  32  3:00  Zergling x2  
Show
View Real Time Build Order
Export as new Build Order

SubN Zerg - Winner!

Build Orders: Pool First 

Get SALT Encoding   

  12  0:00  Drone  
  13  0:09  Drone  
  14  0:22  Extractor  
  14  0:27  Spawning Pool  
  12  0:54  Hatchery  
  11  1:14  Queen  
  13  1:36  Metabolic Boost  
  13  1:39  Overlord  
  13  1:45  Zergling x2  
  14  1:58  Zergling x4  
  16  2:05  Zergling x2  
  17  2:09  Zergling x2  
  18  2:15  Queen  
  18  2:21  Zergling x2  
  21  2:25  Zergling x2  
  22  2:31  Zergling x2  
  22  2:35  Zergling x2  
  24  2:49  Zergling x6  
  27  2:55  Zergling x2  
  28  3:04  Overlord  
Tags
 
Matchup
ZvZ
Race
Zerg
Replay Pack
Multiplayer
Spawn Locations
Close Positions
Add a new tag
Caveats
  • Supply blocks, unpowered buildings, or Contaminate may cause inaccurate times.
  • Supply counts are checked every 10 seconds.